 Dungeon Crawl Stone Soup version 0.22-a0-618-gd6a3efe (webtiles) character file.

4123 Gildeon the Thaumaturge (level 10, -5/53 HPs)
             Began as a Deep Elf Fire Elementalist on July 13, 2018.
             Was a Believer of Sif Muna.
             Slain by a water moccasin (8 damage)
             ... on level 8 of the Dungeon.
             The game lasted 01:05:06 (10608 turns).

Gildeon the Thaumaturge (DEFE)                     Turns: 10608, Time: 01:05:07

Health: -5/53      AC:  4    Str:  7    XL:     10   Next: 6%
Magic:  35/35      EV: 16    Int: 24    God:    Sif Muna [**....]
Gold:   425        SH:  0    Dex: 19    Spells: 11/29 levels left

rFire    . . .     SeeInvis .   f - +4 dagger (venom)
rCold    . . .     Gourm    .   (no shield)
rNeg     + . .     Faith    .   j - +0 robe "Ureikeighu" {rN+ MR+ Dex+4}
rPois    .         Spirit   .   o - +0 helmet
rElec    +         Reflect  .   (no cloak)
rCorr    +         Harm     .   (no gloves)
MR       ++...                  x - +0 pair of boots
Stlth    ++........             g - amulet of magic regeneration
HPRegen  0.17/turn              t - ring of magical power
MPRegen  0.49/turn              A - ring of resist corrosion

@: confused, lethally poisoned (-5 -> -28)
A: talons 1, electricity resistance, strong 1, wild magic 1
a: Divine Energy, Renounce Religion


You were on level 8 of the Dungeon.
You worshipped Sif Muna.
Sif Muna was pleased with you.
You were not hungry.

You visited 2 branches of the dungeon, and saw 9 of its levels.
You also visited: Sewer.

You collected 425 gold pieces.

Inventory:

Hand Weapons
 f - a +4 dagger of venom (weapon)
Missiles
 i - 168 stones (quivered)
Armour
 j - the +0 robe "Ureikeighu" (worn) {rN+ MR+ Dex+4}
   (You found it on level 5 of the Dungeon)

   It affects your dexterity (+4).
   It protects you from negative energy.
   It affects your resistance to hostile enchantments.
 o - a +0 helmet (worn)
 x - a +0 pair of boots (worn)
Magical Staves
 h - an uncursed staff of power
Jewellery
 g - an amulet of magic regeneration (around neck)
 t - a ring of magical power (left hand)
 A - a ring of resist corrosion (right hand)
Wands
 d - a wand of flame (37)
 u - a wand of polymorph (17)
 v - a wand of random effects (20)
 y - a wand of acid (4)
Scrolls
 p - 2 scrolls of teleportation
 q - 4 scrolls of amnesia
 B - 2 scrolls of remove curse
 D - a scroll of random uselessness {unknown}
Potions
 b - a potion of might
 e - a potion of brilliance
 k - a potion of lignification
 l - 2 potions of cancellation
 m - 2 potions of magic
 n - 2 potions of flight
 r - 2 potions of agility
 w - a potion of haste
 z - a potion of invisibility
Comestibles
 c - 14 rations


   Skills:
 - Level 2.0 Fighting
 - Level 2.0 Short Blades
 - Level 2.0 Armour
 - Level 5.0 Dodging
 + Level 8.1 Stealth
 - Level 10.0 Spellcasting
 - Level 5.0 Conjurations
 - Level 5.3 Hexes
 + Level 6.8 Fire Magic
 - Level 3.0 Invocations
 - Level 3.0 Evocations


You had 11 spell levels left.
You knew the following spells:

 Your Spells              Type           Power        Failure   Level  Hunger
a - Flame Tongue          Conj/Fire      #####        1%          1    None
b - Throw Flame           Conj/Fire      ######       1%          2    None
c - Conjure Flame         Conj/Fire      ######..     2%          3    None
d - Inner Flame           Hex/Fire       ######..     2%          3    None
e - Sticky Flame          Conj/Fire      ######..     8%          4    #......
f - Fireball              Conj/Fire      ######....   19%         5    ####...

Your spell library contained the following spells:

 Spells                   Type           Power        Failure   Level  Hunger


Dungeon Overview and Level Annotations

Branches:
Dungeon (8/15)             Temple (1/1) D:4            Lair (0/6) D:8

Altars:
Ashenzari
Cheibriados
Dithmenos
Elyvilon
Fedhas
Gozag
Hepliaklqana
Kikubaaqudgha
Makhleb
Nemelex Xobeh
Okawaru
Qazlal
Ru
Sif Muna
Trog
Vehumet
Wu Jian
Xom
Yredelemnul
Zin
The Shining One

Shops:
D:6 (

Annotations:
D:5 2 runed doors, Hebeh's ghost, novice MiFi


Innate Abilities, Weirdness & Mutations

You have sharp toenails.
You are resistant to electric shocks. (rElec)
Your muscles are strong. (Str +2)
Your spells are a little harder to cast, but a little more powerful.


Message History

Aim: a water moccasin (moderately wounded, fast)
The sticky flame hits the water moccasin.
The water moccasin is moderately wounded.
The water moccasin is covered in liquid flames!
You feel sick.
The water moccasin burns!
The water moccasin bites you. The water moccasin bites you!
* * * LOW HITPOINT WARNING * * *
The adder closely misses you.
* * * LOW HITPOINT WARNING * * *
You feel sick.
The water moccasin burns!
The water moccasin bites you!
* * * LOW HITPOINT WARNING * * *
You are more poisoned.
The water moccasin poisons you!
The water moccasin bites you but does no damage.
It was a potion of ambrosia.
You are confused.
You feel invigorated.
* * * LOW HITPOINT WARNING * * *
You feel sick.
The water moccasin burns!
The water moccasin bites you!
You die...

#...(.##... ......#
#..###.5# %S##$$#
#..##...### $)##%(#
#....†##.S# .ol....
########.....##.o##......
#............####....#
#.........O..## #....#
#.......SS##..# ###..#
#........@##..#### ..#
#..............'.# ###
#..............#.## ######
#.....>...#######'###..#..
#.........##..##...##..#..
#..........#<..........#..
#..........#...P.P.....#..
#..........#.....PP....#..
#.[........P..P.P....P.#..


You could see a two-headed ogre, a water moccasin (burning), a crimson imp and
an adder.

Vanquished Creatures
  A two-headed ogre (D:8)
  A shadow (D:8)
  Menkaure (D:6)
  A water moccasin (D:8)
  A porcupine (D:8)
  An orc warrior (D:8)
  3 sky beasts
  2 ice beasts
  3 phantoms
  A necrophage (D:8)
  3 ogres
  2 centaurs
  A crocodile (D:8)
  2 big kobolds (Sewer)
  4 bullfrogs
  A wyvern skeleton (D:7)
  3 scorpions
  4 crimson imps
  A howler monkey (D:6)
  A bullfrog zombie (D:8)
  2 hounds
  4 orc priests
  A bullfrog skeleton (D:6)
  Ijyb (D:4)
  2 iguanas
  2 orc wizards
  2 worker ants (D:4)
  A killer bee zombie (D:6)
  11 adders
  6 gnolls (D:6)
  A river rat (Sewer)
  5 shadow imps
  9 oozes
  9 worms
  2 dart slugs
  10 leopard geckos
  15 orcs
  5 ball pythons
  9 giant cockroaches
  7 goblins
  7 hobgoblins
  9 jackals
  10 kobolds
  3 quokkas
  10 bats
  4 frilled lizards
  A quokka skeleton (D:4)
  8 rats
193 creatures vanquished.

Vanquished Creatures (collateral kills)
  2 orc priests (D:3)
2 creatures vanquished.

Vanquished Creatures (others)
  5 dream sheep (D:5)
5 creatures vanquished.

Grand Total: 200 creatures vanquished

Notes
Turn   | Place    | Note
-------+----------+-------------------------------------------
     0 | D:1      | Gildeon the Deep Elf Fire Elementalist began the quest for the Orb.
     0 | D:1      | Reached XP level 1. HP: 10/10 MP: 6/6
    14 | D:1      | Noticed a minotaur skeleton
    16 | D:1      | Noticed a minotaur skeleton
   323 | D:1      | Reached XP level 2. HP: 15/15 MP: 8/8
   330 | D:1      | Learned a level 2 spell: Throw Flame
  1230 | D:2      | Reached XP level 3. HP: 11/19 MP: 6/10
  1235 | D:2      | Learned a level 3 spell: Conjure Flame
  1239 | D:2      | Learned a level 3 spell: Inner Flame
  1802 | D:2      | Reached skill level 4 in Spellcasting
  2418 | D:2      | Found a burning altar of Makhleb.
  2556 | D:2      | Reached XP level 4. HP: 15/24 MP: 8/12
  2718 | D:2      | Found a blossoming altar of Fedhas.
  2790 | D:3      | Gained mutation: Your spells are a little harder to cast, but a little more powerful. [potion of mutation]
  2790 | D:3      | Gained mutation: You have sharp toenails. [potion of mutation]
  2790 | D:3      | Gained mutation: Your muscles are strong. (Str +2) [potion of mutation]
  2790 | D:3      | Gained mutation: You are resistant to electric shocks. (rElec) [potion of mutation]
  3201 | D:3      | Reached XP level 5. HP: 28/28 MP: 11/14
  3207 | D:3      | Learned a level 4 spell: Sticky Flame
  3375 | D:3      | Found a transporter.
  3388 | D:3      | Found a transporter.
  3454 | D:3      | Reached skill level 5 in Spellcasting
  3973 | D:4      | Found a glowing drain.
  3998 | Sewer    | Entered a sewer
  4185 | Sewer    | Reached skill level 5 in Stealth
  4185 | Sewer    | Reached skill level 5 in Fire Magic
  4185 | Sewer    | Reached XP level 6. HP: 28/32 MP: 9/15
  4595 | Sewer    | Reached skill level 1 in Hexes
  5138 | D:4      | Noticed Ijyb
  5228 | D:4      | Found a sacrificial altar of Ru.
  5272 | D:4      | Reached XP level 7. HP: 30/36 MP: 7/16
  5561 | D:4      | Found a staircase to the Ecumenical Temple.
  5592 | Temple   | Entered the Ecumenical Temple
  5686 | Temple   | Became a worshipper of Sif Muna the Loreminder
  5875 | D:4      | Killed Ijyb
  6052 | D:5      | Entered Level 5 of the Dungeon
  6060 | D:5      | Got a steaming robe
  6071 | D:5      | Identified the cursed +0 robe "Ureikeighu" {rN+ MR+ Dex+4} (You found it on level 5 of the Dungeon)
  6536 | D:5      | Noticed a dream sheep
  6536 | D:5      | Noticed a dream sheep
  6536 | D:5      | Noticed a dream sheep
  6536 | D:5      | Noticed a dream sheep
  6536 | D:5      | Noticed a dream sheep
  6536 | D:5      | Found a shimmering altar of Xom.
  6541 | D:5      | Killed a dream sheep
  6541 | D:5      | Killed a dream sheep
  6541 | D:5      | Killed a dream sheep
  6541 | D:5      | Killed a dream sheep
  6541 | D:5      | Killed a dream sheep
  6563 | D:5      | Found a runed door.
  6579 | D:5      | Noticed Hebeh's ghost (novice MiFi)
  6641 | D:5      | Reached skill level 5 in Dodging
  6741 | D:6      | Reached skill level 1 in Invocations
  6741 | D:6      | Reached skill level 1 in Evocations
  6741 | D:6      | Reached XP level 8. HP: 27/41 MP: 9/17
  6832 | D:6      | Noticed Menkaure
  6849 | D:6      | Killed Menkaure
  6849 | D:6      | Reached skill level 1 in Short Blades
  6849 | D:6      | Reached skill level 5 in Conjurations
  6849 | D:6      | Reached skill level 5 in Hexes
  6908 | D:6      | Found Wiehabre's Antique Weapon Shop.
  7016 | D:6      | Reached skill level 1 in Fighting
  7087 | D:6      | Reached * piety under Sif Muna
  7087 | D:6      | Reached skill level 1 in Armour
  7125 | D:6      | Reached skill level 6 in Spellcasting
  7138 | D:6      | Learned a level 5 spell: Fireball
  7334 | D:6      | Reached skill level 7 in Spellcasting
  7672 | D:5      | Found a runed door.
  8076 | D:7      | Reached XP level 9. HP: 6/47 MP: 22/22
  8747 | D:7      | Reached skill level 8 in Spellcasting
  9269 | D:8      | Found an iron altar of Okawaru.
  9437 | D:8      | Reached skill level 9 in Spellcasting
  9592 | D:8      | Found a staircase to the Lair.
  9673 | D:8      | Reached ** piety under Sif Muna
  9965 | D:8      | Noticed a two-headed ogre
  9991 | D:8      | Killed a two-headed ogre
 10235 | D:8      | Reached XP level 10. HP: 36/53 MP: 25/25
 10356 | D:8      | Reached skill level 10 in Spellcasting
 10584 | D:8      | Noticed a two-headed ogre
 10607 | D:8      | HP: 2/53 [water moccasin (7)]
 10608 | D:8      | Slain by a water moccasin

Vault maps used:
D:1:      shiori_arrival_whats_in_store_for_you
D:2:      lightli_temple_of_fire, old_standard_altar, st_stairs_7,
          minmay_strange_pillars
D:3:      gammafunk_wand_slinger
D:4:      nicolae_ru_sacrificial_ziggurat, minmay_temple_entry_overgrown,
          gup_sewer_entry_pipe, first_ration, uniq_ijyb
D:5:      kb_xom_exploding_sheep, ebering_ghost_sewer_f,
          kennysheep_generic_room_6
D:6:      kennysheep_little_box, serial_shops, nicolae_shop_statue_plus,
          uniq_menkaure
D:8:      minmay_bloctagon, okawaru_gym_becter, grunt_lair_entry_orc_guard_hut
Temple:   regret_index_temple_sphere_string
Sewer:    sewer_co_tree

Skill      XL: |  1  2  3  4  5  6  7  8  9 10 |
---------------+-------------------------------+-----
Stealth        | 3 4 5 8 |  8.1
Spellcasting   | 4 5 7 9 10 | 10.0
Fire Magic     | 4 5 6 |  6.8
Conjurations   | 2 3 4 5 |  5.0
Dodging        | 3 5 |  5.0
Hexes          | 2 4 5 |  5.3
Invocations    | 1 3 |  3.0
Evocations     | 1 2 3 |  3.0
Short Blades   | 2 |  2.0
Fighting       | 1 2 |  2.0
Armour         | 1 2 |  2.0

Action                   |  1- 3 |  4- 6 |  7- 9 | 10-12 || total
-------------------------+-------+-------+-------+-------++-------
Melee: Dagger            |    15 |    27 |    73 |     1 ||   116
       Unarmed           |     2 |       |       |       ||     2
       Kick              |       |       |    10 |       ||    10
 Cast: Flame Tongue      |    51 |   103 |   193 |     4 ||   351
       Sticky Flame      |       |       |     4 |     5 ||     9
       Conjure Flame     |       |       |     1 |       ||     1
       Throw Flame       |       |       |    10 |       ||    10
Evoke: Wand              |       |     4 |     3 |     9 ||    16
  Use: Scroll            |       |     8 |    18 |       ||    26
       Potion            |       |     3 |     5 |     1 ||     9
 Stab: Sleeping          |     9 |     5 |    15 |       ||    29
  Eat: Chunk             |    14 |     9 |     2 |       ||    25
       Ration            |       |       |     2 |       ||     2
Armor: Robe              |     5 |     5 |    15 |     2 ||    27
Dodge: Dodged            |    31 |    43 |    99 |    12 ||   185

Table legend:
 A = Spawn XP
 B = Non-spawn XP
 C = Spawn XP percentage of total XP
 D = Spawn monster count
 E = Non-spawn monster count
 F = Spawn count percentage of total count
 G = Total turns spent on level
                    A         B        C        D         E        F      G
               +---------+---------+-------+---------+---------+-------+---------
         Total |       0 |    5890 |   0.0 |       0 |     195 |   0.0 | 10608
               +---------+---------+-------+---------+---------+-------+---------
           D:1 |       0 |      31 |   0.0 |       0 |      20 |   0.0 |  1225
           D:2 |       0 |      76 |   0.0 |       0 |      20 |   0.0 |  1827
           D:3 |       0 |     264 |   0.0 |       0 |      33 |   0.0 |  1001
           D:4 |       0 |     382 |   0.0 |       0 |      21 |   0.0 |   916
           D:5 |       0 |     393 |   0.0 |       0 |      14 |   0.0 |   801
           D:6 |       0 |    1258 |   0.0 |       0 |      23 |   0.0 |   918
           D:7 |       0 |     495 |   0.0 |       0 |      15 |   0.0 |   945
           D:8 |       0 |    2658 |   0.0 |       0 |      21 |   0.0 |  1738
         Sewer |       0 |     333 |   0.0 |       0 |      28 |   0.0 |  1098
               +---------+---------+-------+---------+---------+-------+---------
